Blues vs Sharks
Created - April 28, 2024 at 19:03
Goals
|
| Blues |
0 |
2 |
1 |
3 |
| Sharks |
2 |
1 |
2 |
5 |
|
Shots
|
| Blues |
5 |
11 |
11 |
27 |
| Sharks |
15 |
7 |
8 |
30 |
|
1st period
1. Sharks , Oscar Sundqvist 14 (Drew Doughty 61, Ronalds Kenins 30) at 9:29 (SH)
2. Sharks , Mike Lundin 10 (Zach Parise 19, Drew Doughty 62) at 18:05
Penalties :
Mike Lundin (S.J) for Tripping (Minor) at 8:20, Daniel Carcillo (S.J) for Cross-checking (Minor) at 12:57
2nd period
3. Blues , Drew Miller 5 (Luke Glendening 8, Drew Shore 12) at 8:13
4. Blues , Nathan MacKinnon 33 (Filip Forsberg 54, Travis Sanheim 14) at 12:09
5. Sharks , Boone Jenner 26 (Tyler Cuma 23, Steven Stamkos 45) at 13:00
Penalties :
No Penalty
3rd period
6. Sharks , Wayne Simmonds 22 (Steven Stamkos 46, Boone Jenner 44) at 6:06 (PP)
7. Blues , Will Butcher 8 (Nikolaj Ehlers 22, Maxime Daigneault) at 6:55 (PP)
8. Sharks , Zach Parise 18 (Drew Doughty 63, Vince Hinostroza 8) at 19:26 (Empty Net)
Penalties :
Adam Henrique (Stl) for Roughing (Minor) at 5:54, Steven Stamkos (S.J) for Slashing (Minor) at 6:11, Josh Morrissey (Stl) for Interference (Minor) at 19:39
Goalie Stats
Maxime Daigneault (Stl), 25 saves from 29 shots - (0.862), L, 13-7-2, 59:34 minutes
Philipp Grubauer (S.J), 24 saves from 27 shots - (0.889), W, 29-25-6, 60:00 minutes
Players Stats for Blues
Player Name G A P +/- PIM S H SB GA TA FO MP PP MP PK MP
------------------------------------------------------------------------------------
Adam Henrique 0 0 0 -2 2 1 0 0 0 0 6/9 17:02 1:52 0:00
Brandon Montour 0 0 0 0 0 0 0 0 0 1 0/0 18:10 0:00 0:00
Cody Ceci 0 0 0 0 0 2 2 0 0 0 0/0 21:00 0:00 0:32
David Perron 0 0 0 0 0 1 1 1 0 0 0/1 12:24 0:00 0:00
Devin Shore 0 0 0 0 0 3 0 0 0 1 0/2 12:24 0:00 0:00
Drew Miller 1 0 1 1 0 2 0 0 0 0 0/0 8:31 0:00 0:00
Drew Shore 0 1 1 1 0 1 1 0 0 0 1/3 9:03 0:00 0:32
Filip Forsberg 0 1 1 -1 0 2 0 0 0 1 1/2 21:30 2:50 0:00
Josh Morrissey 0 0 0 0 2 0 1 1 0 2 0/0 17:54 1:57 0:12
Luke Glendening 0 1 1 1 0 2 1 0 0 0 0/0 9:03 0:00 0:32
Marko Dano 0 0 0 -2 0 2 2 1 0 0 1/2 17:03 1:52 0:00
Nathan MacKinnon 1 0 1 -1 0 3 2 0 0 1 17/29 21:30 2:50 0:00
Nick Schmaltz 0 0 0 0 0 0 1 0 0 1 1/1 12:24 0:00 0:00
Nikolaj Ehlers 0 1 1 -1 0 1 2 0 0 0 1/1 20:16 1:52 0:00
Seth Jones 0 0 0 -2 0 3 2 1 1 1 0/0 26:06 2:45 0:00
Teuvo Teravainen 0 0 0 -2 0 1 1 0 0 0 0/1 18:17 2:50 0:00
Travis Sanheim 0 1 1 0 0 1 0 0 0 0 0/0 15:12 1:57 0:00
Will Butcher 1 0 1 -2 0 2 0 0 0 1 0/0 21:37 2:45 0:20
Players Stats for Sharks
Player Name G A P +/- PIM S H SB GA TA FO MP PP MP PK MP
------------------------------------------------------------------------------------
Arturs Kulda 0 0 0 0 0 1 1 0 0 0 0/0 19:45 0:00 2:15
Boone Jenner 1 1 2 1 0 1 1 1 1 0 17/32 22:12 0:32 3:07
Brendan Gaunce 0 0 0 -1 0 3 0 0 1 0 1/3 13:40 0:00 0:04
Connor Murphy 0 0 0 0 0 0 0 0 1 0 0/0 13:25 0:00 0:47
Conor Sheary 0 0 0 0 0 0 1 0 1 0 0/0 13:44 0:00 0:00
Daniel Carcillo 0 0 0 0 2 3 1 0 0 0 0/0 8:54 0:00 0:22
Drew Doughty 0 3 3 3 0 3 2 1 1 0 0/0 28:10 0:32 2:54
Gustav Nyquist 0 0 0 0 0 0 3 0 0 0 0/1 8:33 0:00 0:00
Jeremy Morin 0 0 0 0 0 0 2 0 0 0 0/0 8:33 0:00 0:00
MacKenzie Weegar 0 0 0 -1 0 0 0 0 0 0 0/0 12:32 0:00 0:00
Mike Lundin 1 0 1 2 2 2 5 0 0 1 0/0 26:55 0:32 1:40
Oscar Sundqvist 1 0 1 2 0 2 2 0 0 0 3/11 15:26 0:00 1:22
Ronalds Kenins 0 1 1 1 0 4 3 0 0 0 0/0 15:06 0:00 1:22
Steven Stamkos 0 2 2 1 2 3 1 0 2 0 1/2 21:26 0:32 2:22
Tyler Cuma 0 1 1 0 0 1 2 1 1 0 0/0 19:18 0:00 1:48
Vince Hinostroza 0 1 1 0 0 3 0 0 0 0 0/0 13:56 0:00 0:00
Wayne Simmonds 1 0 1 1 0 1 1 0 1 0 1/2 18:59 0:32 0:00
Zach Parise 1 1 2 0 0 3 0 1 0 0 0/0 14:41 0:00 0:45
3 Stars
1 - Drew Doughty (S.J)
2 - Boone Jenner (S.J)
3 - Oscar Sundqvist (S.J)
Power Play
Blues - 1 on 3 Attempt(s) - 33.33%
Sharks - 1 on 2 Attempt(s) - 50.00%
Penalty Kill
Blues - 1 on 2 Attempt(s) - 50.00%
- Score 0 goal in Penalty Kill
Sharks - 2 on 3 Attempt(s) - 66.67%
- Score 1 goal in Penalty Kill
Team Stat
Blues - Hits : 16 - Faceoff Wins : 28 - Blocked Shots : 4 - Penalty Minutes : 4
Sharks - Hits : 25 - Faceoff Wins : 23 - Blocked Shots : 4 - Penalty Minutes : 6
Official
Referees : Mitch Dunning and Chris Schlenker
Linesman : Libor Suchanek and Ryan Daisy
Game Notes
Zach Parise has scored in a empty net!
Finance
Level 1 -- Attendance: 6000 (100.00%) -- Ticket Income $600,000
Level 2 -- Attendance: 5000 (100.00%) -- Ticket Income $300,000
Level 3 -- Attendance: 1996 (99.80%) -- Ticket Income $69,860
Level 4 -- Attendance: 4000 (100.00%) -- Ticket Income $100,000
Luxury Box -- Attendance: 969 (96.90%) -- Ticket Income $193,800
Game was played at the SAP Center.
Total Attendance: 17965 (99.81%)
Total Ticket Income: $1,263,660
Other Income: $189,549
Total Income: $1,453,209
Blues
5 vs 5 Forward
Center Left Wing Right Wing Time % Phy DF OF
1 Nathan MacKinnon Filip Forsberg Nikolaj Ehlers 40 0 2 3
2 Adam Henrique Marko Dano Teuvo Teravainen 30 0 2 3
3 Devin Shore David Perron Nick Schmaltz 20 1 2 2
4 Drew Shore Drew Miller Luke Glendening 10 0 3 2
5 vs 5 Defense
Defense Defense Time % Phy DF OF
1 Seth Jones Cody Ceci 40 1 2 2
2 Will Butcher Brandon Montour 30 1 2 2
3 Josh Morrissey Travis Sanheim 20 1 2 2
4 Josh Morrissey Seth Jones 10 1 2 2
PowerPlay Forward
Center Left Wing Right Wing Time % Phy DF OF
1 Nathan MacKinnon Filip Forsberg Teuvo Teravainen 60 0 2 3
2 Adam Henrique Marko Dano Nikolaj Ehlers 40 0 2 3
PowerPlay Defense
Defense Defense Time % Phy DF OF
1 Will Butcher Seth Jones 60 0 2 3
2 Josh Morrissey Travis Sanheim 40 0 2 3
Penalty Kill 4 Players Forward
Center Wing Time % Phy DF OF
1 Drew Shore Luke Glendening 60 1 3 1
2 Devin Shore Drew Miller 40 1 3 1
Penalty Kill 4 Players Defense
Defense Defense Time % Phy DF OF
1 Cody Ceci Josh Morrissey 60 1 2 2
2 Seth Jones Brandon Montour 40 1 2 2
Penalty Kill - 3 Players Forward
Forward Time % Phy DF OF
1 Drew Shore 60 1 2 2
2 Devin Shore 40 1 2 2
Penalty Kill - 3 Players Defense
Defense Defense Time % Phy DF OF
1 Cody Ceci Brandon Montour 60 1 2 2
2 Seth Jones Josh Morrissey 40 1 2 2
4 vs 4 Forward
Center Wing Time % Phy DF OF
1 Adam Henrique Filip Forsberg 60 1 2 2
2 Nathan MacKinnon David Perron 40 1 2 2
4 vs 4 Defense
Defense Defense Time % Phy DF OF
1 Will Butcher Brandon Montour 60 1 2 2
2 Cody Ceci Seth Jones 40 1 2 2
Last Minutes Offensive
Center Left Wing Right Wing Defense Defense
Nathan MacKinnon Filip Forsberg Teuvo Teravainen Will Butcher Seth Jones
Last Minutes Defensive
Center Left Wing Right Wing Defense Defense
Drew Shore Drew Miller Luke Glendening Brandon Montour Cody Ceci
Goaltenders
Starting : Maxime Daigneault
Backup : Carey Price
Extra Forwards
Normal : Nikolaj Ehlers, Drew Miller, Drew Shore - PP : Marko Dano, Teuvo Teravainen - PK : Filip Forsberg
Extra Defensemen
Normal : Cody Ceci, Travis Sanheim, Will Butcher - PP : Cody Ceci - PK : Will Butcher, Travis Sanheim
Penalty Shots
David Perron, Marko Dano, Filip Forsberg, Teuvo Teravainen, Devin Shore
Custom OT Lines Forwards
Filip Forsberg, Nathan MacKinnon, Teuvo Teravainen, Marko Dano, David Perron, Devin Shore, Drew Shore, Nikolaj Ehlers, Adam Henrique, Nick Schmaltz
Custom OT Lines Defensemen
Seth Jones, Will Butcher, Brandon Montour, Travis Sanheim, Cody Ceci
Scratches
Cody Franson (Healthy), Mats Zuccarello (Healthy)
Sharks
5 vs 5 Forward
Center Left Wing Right Wing Time % Phy DF OF
1 Boone Jenner Steven Stamkos Wayne Simmonds 40 1 1 3
2 Oscar Sundqvist Ronalds Kenins Conor Sheary 30 1 2 2
3 Brendan Gaunce Zach Parise Vince Hinostroza 20 1 2 2
4 Gustav Nyquist Daniel Carcillo Jeremy Morin 10 1 2 2
5 vs 5 Defense
Defense Defense Time % Phy DF OF
1 Drew Doughty Mike Lundin 40 1 2 2
2 Tyler Cuma Arturs Kulda 30 1 2 2
3 Connor Murphy MacKenzie Weegar 20 1 2 2
4 Drew Doughty Mike Lundin 10 1 2 2
PowerPlay Forward
Center Left Wing Right Wing Time % Phy DF OF
1 Boone Jenner Steven Stamkos Wayne Simmonds 60 1 1 3
2 Oscar Sundqvist Ronalds Kenins Conor Sheary 40 1 1 3
PowerPlay Defense
Defense Defense Time % Phy DF OF
1 Drew Doughty Mike Lundin 60 1 2 2
2 Tyler Cuma Arturs Kulda 40 1 2 2
Penalty Kill 4 Players Forward
Center Wing Time % Phy DF OF
1 Boone Jenner Steven Stamkos 60 1 2 2
2 Oscar Sundqvist Ronalds Kenins 40 1 2 2
Penalty Kill 4 Players Defense
Defense Defense Time % Phy DF OF
1 Drew Doughty Mike Lundin 60 1 2 2
2 Tyler Cuma Arturs Kulda 40 1 2 2
Penalty Kill - 3 Players Forward
Forward Time % Phy DF OF
1 Boone Jenner 60 1 2 2
2 Oscar Sundqvist 40 1 2 2
Penalty Kill - 3 Players Defense
Defense Defense Time % Phy DF OF
1 Drew Doughty Mike Lundin 60 1 2 2
2 Tyler Cuma Arturs Kulda 40 1 2 2
4 vs 4 Forward
Center Wing Time % Phy DF OF
1 Boone Jenner Steven Stamkos 60 1 2 2
2 Oscar Sundqvist Ronalds Kenins 40 1 2 2
4 vs 4 Defense
Defense Defense Time % Phy DF OF
1 Drew Doughty Mike Lundin 60 1 2 2
2 Tyler Cuma Arturs Kulda 40 1 2 2
Last Minutes Offensive
Center Left Wing Right Wing Defense Defense
Boone Jenner Steven Stamkos Wayne Simmonds Drew Doughty Mike Lundin
Last Minutes Defensive
Center Left Wing Right Wing Defense Defense
Boone Jenner Steven Stamkos Wayne Simmonds Drew Doughty Mike Lundin
Goaltenders
Starting : Philipp Grubauer
Backup : Malcolm Subban
Extra Forwards
Normal : Zach Parise, Boone Jenner, Oscar Sundqvist - PP : Zach Parise, Boone Jenner - PK : Zach Parise
Extra Defensemen
Normal : Arturs Kulda, Connor Murphy, MacKenzie Weegar - PP : Arturs Kulda - PK : Arturs Kulda, Connor Murphy
Penalty Shots
Steven Stamkos, Ronalds Kenins, Wayne Simmonds, Conor Sheary, Zach Parise
Custom OT Lines Forwards
Steven Stamkos, Ronalds Kenins, Wayne Simmonds, Conor Sheary, Zach Parise, Boone Jenner, Oscar Sundqvist, Daniel Carcillo, Jeremy Morin, Brendan Gaunce
Custom OT Lines Defensemen
Drew Doughty, Mike Lundin, Tyler Cuma, Arturs Kulda, Connor Murphy
Scratches
Andreas Martinsen (Healthy), Markus Nutivaara (Healthy)
% Time on Ice - Blues
Lines # - Real PCT - Wanted PCT - Time Play
Normal Forward
1 - 34% - 40% - 18:17
2 - 28% - 30% - 15:11
3 - 23% - 20% - 12:24
4 - 16% - 10% - 8:31
Normal Defense
1 - 38% - 40% - 20:28
2 - 34% - 30% - 18:33
3 - 22% - 20% - 12:02
4 - 6% - 10% - 3:20
PP Forward
1 - 60% - 60% - 2:50
2 - 40% - 40% - 1:52
PP Defense
1 - 59% - 60% - 2:45
2 - 41% - 40% - 1:57
PK Forward
1 - 100% - 60% - 0:32
2 - 0% - 40% - 0:00
PK Defense
1 - 100% - 60% - 0:32
2 - 0% - 40% - 0:00
PK3 Forward
1 - 0% - 60%
2 - 0% - 40%
PK3 Defense
1 - 0% - 60%
2 - 0% - 40%
44 Forward
1 - 0% - 60%
2 - 0% - 40%
44 Defense
1 - 0% - 60%
2 - 0% - 40%
Last Minute Offensive - 0:23
Last Minute Defensive - 0:00
Total
Forward - 60:00
Defense - 60:00
|
% Time on Ice - Sharks
Lines # - Real PCT - Wanted PCT - Time Play
Normal Forward
1 - 34% - 40% - 18:13
2 - 25% - 30% - 13:44
3 - 25% - 20% - 13:36
4 - 16% - 10% - 8:33
Normal Defense
1 - 38% - 40% - 20:45
2 - 32% - 30% - 17:30
3 - 23% - 20% - 12:32
4 - 6% - 10% - 3:19
PP Forward
1 - 100% - 60% - 0:32
2 - 0% - 40% - 0:00
PP Defense
1 - 100% - 60% - 0:32
2 - 0% - 40% - 0:00
PK Forward
1 - 71% - 60% - 3:20
2 - 29% - 40% - 1:22
PK Defense
1 - 62% - 60% - 2:54
2 - 38% - 40% - 1:48
PK3 Forward
1 - 0% - 60%
2 - 0% - 40%
PK3 Defense
1 - 0% - 60%
2 - 0% - 40%
44 Forward
1 - 0% - 60%
2 - 0% - 40%
44 Defense
1 - 0% - 60%
2 - 0% - 40%
Last Minute Offensive - 0:00
Last Minute Defensive - 0:40
Total
Forward - 60:00
Defense - 60:00
|
Play-by-Play
1st period
0:01 of 1st period - Boone Jenner wins face-off versus Nathan MacKinnon in neutral zone.
0:08 of 1st period - Slapshot by Drew Doughty.
0:08 of 1st period - Stopped by Maxime Daigneault without a rebound.
0:09 of 1st period - Wayne Simmonds wins face-off versus Nathan MacKinnon in Blues zone.
0:54 of 1st period - Snap shot by Filip Forsberg.
0:54 of 1st period - Shot Misses the Net.
0:56 of 1st period - Snap shot by Seth Jones.
0:56 of 1st period - Stopped by Philipp Grubauer with a rebound.
0:58 of 1st period - Slapshot by Cody Ceci.
0:58 of 1st period - Stopped by Philipp Grubauer with a rebound.
1:12 of 1st period - Snap shot by Filip Forsberg.
1:12 of 1st period - Shot Misses the Net.
1:20 of 1st period - Wrist shot by Filip Forsberg.
1:20 of 1st period - Deflect By Nathan MacKinnon.
1:20 of 1st period - Stopped by Philipp Grubauer without a rebound.
1:21 of 1st period - Marko Dano wins face-off versus Oscar Sundqvist in Sharks zone.
1:48 of 1st period - Arturs Kulda is hit by Nick Schmaltz and loses puck.
2:33 of 1st period - Snap shot by Adam Henrique.
2:33 of 1st period - Shot Misses the Net.
3:21 of 1st period - Will Butcher is hit by Tyler Cuma and loses puck.
3:34 of 1st period - Wrist shot by Boone Jenner.
3:34 of 1st period - Shot Misses the Net.
5:23 of 1st period - Slapshot by Ronalds Kenins.
5:23 of 1st period - Shot Misses the Net.
5:25 of 1st period - Slapshot by Connor Murphy.
5:25 of 1st period - Shot Misses the Net.
5:27 of 1st period - Wrist shot by Ronalds Kenins.
5:27 of 1st period - Stopped by Maxime Daigneault without a rebound.
5:28 of 1st period - Oscar Sundqvist wins face-off versus Adam Henrique in Blues zone.
5:54 of 1st period - Nikolaj Ehlers is hit by Mike Lundin and loses puck.
6:20 of 1st period - Filip Forsberg is hit by Gustav Nyquist.
7:24 of 1st period - Snap shot by Ronalds Kenins.
7:24 of 1st period - Stopped by Maxime Daigneault without a rebound.
7:25 of 1st period - Adam Henrique wins face-off versus Oscar Sundqvist in Blues zone.
7:44 of 1st period - Slapshot by Oscar Sundqvist.
7:44 of 1st period - Shot Misses the Net.
7:46 of 1st period - Slapshot by Arturs Kulda.
7:46 of 1st period - Stopped by Maxime Daigneault without a rebound.
7:47 of 1st period - Boone Jenner wins face-off versus Nathan MacKinnon in Blues zone.
7:55 of 1st period - Icing by Josh Morrissey.
7:56 of 1st period - Nathan MacKinnon wins face-off versus Boone Jenner in Blues zone.
7:56 of 1st period - Nathan MacKinnon is hit by Drew Doughty.
8:18 of 1st period - Wrist shot by Nathan MacKinnon.
8:18 of 1st period - Shot Misses the Net.
8:20 of 1st period - Minor Penalty to Mike Lundin for Tripping.
8:21 of 1st period - Nathan MacKinnon wins face-off versus Boone Jenner in Sharks zone.
8:34 of 1st period - Snap shot by Filip Forsberg.
8:34 of 1st period - Shot Blocked by Drew Doughty.
9:27 of 1st period - Backhand shot by Drew Doughty.
9:27 of 1st period - Stopped by Maxime Daigneault with a rebound.
9:29 of 1st period - Backhand shot by Oscar Sundqvist.
9:29 of 1st period - Goal by Oscar Sundqvist - Blues : 0 - Sharks : 1.
9:30 of 1st period - Boone Jenner wins face-off versus Filip Forsberg in neutral zone.
9:35 of 1st period - Filip Forsberg is hit by Boone Jenner and loses puck.
10:20 of 1st period - Penalty to Mike Lundin is over, Mike Lundin is back on ice.
10:33 of 1st period - Wrist shot by Brendan Gaunce.
10:33 of 1st period - Stopped by Maxime Daigneault without a rebound.
10:34 of 1st period - Brendan Gaunce wins face-off versus Teuvo Teravainen in Blues zone.
10:44 of 1st period - Slapshot by Vince Hinostroza.
10:44 of 1st period - Stopped by Maxime Daigneault without a rebound.
10:45 of 1st period - Nathan MacKinnon wins face-off versus Oscar Sundqvist in Blues zone.
10:50 of 1st period - Snap shot by Seth Jones.
10:50 of 1st period - Shot Misses the Net.
11:00 of 1st period - Wrist shot by Ronalds Kenins.
11:00 of 1st period - Shot Misses the Net.
11:02 of 1st period - Snap shot by Ronalds Kenins.
11:02 of 1st period - Shot Misses the Net.
11:24 of 1st period - Slapshot by Vince Hinostroza.
11:24 of 1st period - Stopped by Maxime Daigneault with a rebound.
11:38 of 1st period - Slapshot by Adam Henrique.
11:38 of 1st period - Shot Misses the Net.
11:40 of 1st period - Snap shot by Teuvo Teravainen.
11:40 of 1st period - Shot Blocked by Tyler Cuma.
11:42 of 1st period - Snap shot by Adam Henrique.
11:42 of 1st period - Stopped by Philipp Grubauer without a rebound.
11:43 of 1st period - Oscar Sundqvist wins face-off versus Adam Henrique in Sharks zone.
11:47 of 1st period - Drew Doughty is hit by Marko Dano and loses puck.
12:09 of 1st period - Josh Morrissey is hit by Mike Lundin and loses puck.
12:14 of 1st period - Wrist shot by Steven Stamkos.
12:14 of 1st period - Shot Misses the Net.
12:16 of 1st period - Wrist shot by Wayne Simmonds.
12:16 of 1st period - Shot Misses the Net.
12:18 of 1st period - Slapshot by Drew Doughty.
12:18 of 1st period - Shot Misses the Net.
12:57 of 1st period - Minor Penalty to Daniel Carcillo for Cross-checking.
12:58 of 1st period - Boone Jenner wins face-off versus Nathan MacKinnon in Sharks zone.
13:24 of 1st period - Nikolaj Ehlers is hit by Mike Lundin and loses puck.
14:14 of 1st period - Icing by Travis Sanheim.
14:15 of 1st period - Nathan MacKinnon wins face-off versus Boone Jenner in Blues zone.
14:33 of 1st period - Arturs Kulda is hit by Nathan MacKinnon.
14:37 of 1st period - Filip Forsberg is hit by Ronalds Kenins and loses puck.
14:57 of 1st period - Penalty to Daniel Carcillo is over, Daniel Carcillo is back on ice.
15:19 of 1st period - Snap shot by Daniel Carcillo.
15:19 of 1st period - Stopped by Maxime Daigneault without a rebound.
15:20 of 1st period - Nick Schmaltz wins face-off versus Gustav Nyquist in Blues zone.
15:27 of 1st period - Wrist shot by David Perron.
15:27 of 1st period - Stopped by Philipp Grubauer without a rebound.
15:28 of 1st period - Boone Jenner wins face-off versus Devin Shore in Sharks zone.
15:30 of 1st period - Icing by Steven Stamkos.
15:31 of 1st period - Nathan MacKinnon wins face-off versus Boone Jenner in Sharks zone.
16:03 of 1st period - Off-side.
16:04 of 1st period - Adam Henrique wins face-off versus Brendan Gaunce in neutral zone.
16:21 of 1st period - Drew Doughty is hit by Marko Dano and loses puck.
16:40 of 1st period - Slapshot by Brendan Gaunce.
16:40 of 1st period - Stopped by Maxime Daigneault with a rebound.
16:56 of 1st period - Wrist shot by Marko Dano.
16:56 of 1st period - Shot Blocked by Zach Parise.
17:02 of 1st period - Slapshot by Drew Doughty.
17:02 of 1st period - Stopped by Maxime Daigneault with a rebound.
17:04 of 1st period - Slapshot by Mike Lundin.
17:04 of 1st period - Stopped by Maxime Daigneault with a rebound.
17:06 of 1st period - Snap shot by Drew Doughty.
17:06 of 1st period - Shot Misses the Net.
18:01 of 1st period - Slapshot by Drew Doughty.
18:01 of 1st period - Shot Misses the Net.
18:03 of 1st period - Wrist shot by Zach Parise.
18:03 of 1st period - Stopped by Maxime Daigneault with a rebound.
18:05 of 1st period - Wrist shot by Mike Lundin.
18:05 of 1st period - Goal by Mike Lundin - Blues : 0 - Sharks : 2.
18:06 of 1st period - Nathan MacKinnon wins face-off versus Boone Jenner in neutral zone.
19:44 of 1st period - Ronalds Kenins is hit by David Perron.
Goals for this period are 0 for Blues vs 2 for Sharks.
Shots for this period are 5 for Blues vs 15 for Sharks.
2nd period
0:01 of 2nd period - Nathan MacKinnon wins face-off versus Boone Jenner in neutral zone.
2:30 of 2nd period - Snap shot by David Perron.
2:30 of 2nd period - Shot Misses the Net.
2:32 of 2nd period - Wrist shot by Devin Shore.
2:32 of 2nd period - Stopped by Philipp Grubauer with a rebound.
2:34 of 2nd period - Snap shot by Devin Shore.
2:34 of 2nd period - Stopped by Philipp Grubauer without a rebound.
2:35 of 2nd period - Nathan MacKinnon wins face-off versus Boone Jenner in Sharks zone.
3:01 of 2nd period - Josh Morrissey is hit by Tyler Cuma and loses puck.
3:15 of 2nd period - Snap shot by Daniel Carcillo.
3:15 of 2nd period - Stopped by Maxime Daigneault without a rebound.
3:16 of 2nd period - Oscar Sundqvist wins face-off versus Nathan MacKinnon in Blues zone.
3:21 of 2nd period - Wrist shot by Ronalds Kenins.
3:21 of 2nd period - Stopped by Maxime Daigneault without a rebound.
3:22 of 2nd period - Nathan MacKinnon wins face-off versus Oscar Sundqvist in Blues zone.
3:22 of 2nd period - Nathan MacKinnon is hit by Mike Lundin.
3:32 of 2nd period - Slapshot by Seth Jones.
3:32 of 2nd period - Deflect By Nikolaj Ehlers.
3:32 of 2nd period - Shot Misses the Net.
3:32 of 2nd period - Puck is out of play.
3:33 of 2nd period - Nathan MacKinnon wins face-off versus Boone Jenner in Sharks zone.
4:00 of 2nd period - Conor Sheary is hit by Seth Jones and loses puck.
5:15 of 2nd period - Brandon Montour is hit by Wayne Simmonds and loses puck.
6:12 of 2nd period - Snap shot by Tyler Cuma.
6:12 of 2nd period - Stopped by Maxime Daigneault with a rebound.
8:13 of 2nd period - Snap shot by Drew Miller.
8:13 of 2nd period - Goal by Drew Miller - Blues : 1 - Sharks : 2.
8:14 of 2nd period - Nathan MacKinnon wins face-off versus Boone Jenner in neutral zone.
8:21 of 2nd period - Slapshot by Seth Jones.
8:21 of 2nd period - Stopped by Philipp Grubauer without a rebound.
8:22 of 2nd period - Boone Jenner wins face-off versus Nathan MacKinnon in Sharks zone.
8:28 of 2nd period - Off-side.
8:29 of 2nd period - Boone Jenner wins face-off versus Nathan MacKinnon in neutral zone.
9:04 of 2nd period - Snap shot by David Perron.
9:04 of 2nd period - Shot Misses the Net.
9:50 of 2nd period - Slapshot by Will Butcher.
9:50 of 2nd period - Stopped by Philipp Grubauer with a rebound.
10:10 of 2nd period - Nikolaj Ehlers is hit by Jeremy Morin and loses puck.
10:40 of 2nd period - Brendan Gaunce is hit by Cody Ceci and loses puck.
11:09 of 2nd period - Adam Henrique is hit by Daniel Carcillo and loses puck.
11:26 of 2nd period - Wrist shot by Drew Miller.
11:26 of 2nd period - Stopped by Philipp Grubauer with a rebound.
11:28 of 2nd period - Snap shot by Drew Miller.
11:28 of 2nd period - Shot Blocked by Boone Jenner.
11:32 of 2nd period - Snap shot by Drew Miller.
11:32 of 2nd period - Deflect By Drew Shore.
11:32 of 2nd period - Stopped by Philipp Grubauer with a rebound.
11:46 of 2nd period - Adam Henrique is hit by Ronalds Kenins and loses puck.
11:51 of 2nd period - Snap shot by Ronalds Kenins.
11:51 of 2nd period - Stopped by Maxime Daigneault with a rebound.
11:53 of 2nd period - Snap shot by Mike Lundin.
11:53 of 2nd period - Shot Misses the Net.
12:09 of 2nd period - Snap shot by Nathan MacKinnon.
12:09 of 2nd period - Goal by Nathan MacKinnon - Blues : 2 - Sharks : 2.
12:10 of 2nd period - Filip Forsberg wins face-off versus Boone Jenner in neutral zone.
12:17 of 2nd period - Icing by Steven Stamkos.
12:18 of 2nd period - Boone Jenner wins face-off versus Nathan MacKinnon in Sharks zone.
12:58 of 2nd period - Slapshot by Tyler Cuma.
12:58 of 2nd period - Shot Misses the Net.
13:00 of 2nd period - Snap shot by Boone Jenner.
13:00 of 2nd period - Goal by Boone Jenner - Blues : 2 - Sharks : 3.
13:01 of 2nd period - Adam Henrique wins face-off versus Oscar Sundqvist in neutral zone.
13:10 of 2nd period - Slapshot by Seth Jones.
13:10 of 2nd period - Shot Misses the Net.
13:18 of 2nd period - Snap shot by Marko Dano.
13:18 of 2nd period - Stopped by Philipp Grubauer with a rebound.
13:43 of 2nd period - Slapshot by Oscar Sundqvist.
13:43 of 2nd period - Stopped by Maxime Daigneault without a rebound.
13:44 of 2nd period - Adam Henrique wins face-off versus Boone Jenner in Blues zone.
14:00 of 2nd period - Snap shot by Teuvo Teravainen.
14:00 of 2nd period - Stopped by Philipp Grubauer with a rebound.
14:19 of 2nd period - Off-side.
14:20 of 2nd period - Nathan MacKinnon wins face-off versus Oscar Sundqvist in neutral zone.
15:11 of 2nd period - Arturs Kulda is hit by Luke Glendening and loses puck.
15:38 of 2nd period - Wrist shot by Travis Sanheim.
15:38 of 2nd period - Stopped by Philipp Grubauer with a rebound.
16:02 of 2nd period - Snap shot by Marko Dano.
16:02 of 2nd period - Shot Misses the Net.
16:50 of 2nd period - Backhand shot by Steven Stamkos.
16:50 of 2nd period - Stopped by Maxime Daigneault with a rebound.
17:25 of 2nd period - Teuvo Teravainen is hit by Oscar Sundqvist and loses puck.
18:39 of 2nd period - Seth Jones is hit by Ronalds Kenins and loses puck.
18:52 of 2nd period - Wayne Simmonds is hit by Seth Jones and loses puck.
19:21 of 2nd period - Nick Schmaltz is hit by Gustav Nyquist and loses puck.
19:36 of 2nd period - Wrist shot by Cody Ceci.
19:36 of 2nd period - Deflect By Drew Shore.
19:36 of 2nd period - Shot Misses the Net.
19:36 of 2nd period - Puck is out of play.
19:37 of 2nd period - Boone Jenner wins face-off versus Drew Shore in Sharks zone.
Goals for this period are 2 for Blues vs 1 for Sharks.
Shots for this period are 11 for Blues vs 7 for Sharks.
3rd period
0:01 of 3rd period - Boone Jenner wins face-off versus Nathan MacKinnon in neutral zone.
0:56 of 3rd period - Devin Shore is hit by Drew Doughty and loses puck.
1:29 of 3rd period - Cody Ceci is hit by Arturs Kulda and loses puck.
1:56 of 3rd period - Conor Sheary is hit by Teuvo Teravainen and loses puck.
2:11 of 3rd period - Zach Parise is hit by Cody Ceci and loses puck.
2:36 of 3rd period - Filip Forsberg is hit by Jeremy Morin.
3:00 of 3rd period - Wrist shot by Steven Stamkos.
3:00 of 3rd period - Stopped by Maxime Daigneault with a rebound.
3:02 of 3rd period - Slapshot by MacKenzie Weegar.
3:02 of 3rd period - Deflect By Wayne Simmonds.
3:02 of 3rd period - Shot Misses the Net.
3:02 of 3rd period - Puck is out of play.
3:03 of 3rd period - Boone Jenner wins face-off versus Nathan MacKinnon in Blues zone.
3:12 of 3rd period - Boone Jenner is hit by Nikolaj Ehlers and loses puck.
3:50 of 3rd period - Slapshot by Drew Doughty.
3:50 of 3rd period - Shot Blocked by David Perron.
4:22 of 3rd period - Slapshot by Drew Doughty.
4:22 of 3rd period - Shot Blocked by Seth Jones.
4:42 of 3rd period - Snap shot by Filip Forsberg.
4:42 of 3rd period - Stopped by Philipp Grubauer with a rebound.
4:44 of 3rd period - Slapshot by Seth Jones.
4:44 of 3rd period - Stopped by Philipp Grubauer with a rebound.
4:54 of 3rd period - Adam Henrique is hit by Oscar Sundqvist and loses puck.
5:45 of 3rd period - Slapshot by Daniel Carcillo.
5:45 of 3rd period - Stopped by Maxime Daigneault without a rebound.
5:46 of 3rd period - Steven Stamkos wins face-off versus Marko Dano in Blues zone.
5:54 of 3rd period - Minor Penalty to Adam Henrique for Roughing.
5:55 of 3rd period - Boone Jenner wins face-off versus Drew Shore in Blues zone.
6:06 of 3rd period - Wrist shot by Wayne Simmonds.
6:06 of 3rd period - Goal by Wayne Simmonds - Blues : 2 - Sharks : 4.
6:07 of 3rd period - Nathan MacKinnon wins face-off versus Boone Jenner in neutral zone.
6:11 of 3rd period - Minor Penalty to Steven Stamkos for Slashing.
6:12 of 3rd period - Nathan MacKinnon wins face-off versus Boone Jenner in Sharks zone.
6:55 of 3rd period - Slapshot by Will Butcher.
6:55 of 3rd period - Deflect By Daniel Carcillo.
6:55 of 3rd period - Goal by Will Butcher - Blues : 3 - Sharks : 4.
6:56 of 3rd period - Nikolaj Ehlers wins face-off versus Oscar Sundqvist in neutral zone.
7:55 of 3rd period - Slapshot by Brendan Gaunce.
7:55 of 3rd period - Stopped by Maxime Daigneault without a rebound.
7:56 of 3rd period - Nathan MacKinnon wins face-off versus Brendan Gaunce in Blues zone.
8:19 of 3rd period - Slapshot by Vince Hinostroza.
8:19 of 3rd period - Stopped by Maxime Daigneault with a rebound.
8:31 of 3rd period - Snap shot by Zach Parise.
8:31 of 3rd period - Stopped by Maxime Daigneault without a rebound.
8:32 of 3rd period - Boone Jenner wins face-off versus Adam Henrique in Blues zone.
9:09 of 3rd period - Slapshot by Devin Shore.
9:09 of 3rd period - Stopped by Philipp Grubauer without a rebound.
9:10 of 3rd period - Boone Jenner wins face-off versus Nathan MacKinnon in Sharks zone.
10:02 of 3rd period - Slapshot by Luke Glendening.
10:02 of 3rd period - Stopped by Philipp Grubauer with a rebound.
10:55 of 3rd period - Icing by Will Butcher.
10:56 of 3rd period - Boone Jenner wins face-off versus David Perron in Blues zone.
12:40 of 3rd period - Slapshot by Gustav Nyquist.
12:40 of 3rd period - Shot Blocked by Marko Dano.
12:42 of 3rd period - Wrist shot by Daniel Carcillo.
12:42 of 3rd period - Shot Misses the Net.
13:08 of 3rd period - Drew Doughty is hit by Drew Shore and loses puck.
13:19 of 3rd period - Oscar Sundqvist is hit by Nathan MacKinnon and loses puck.
13:32 of 3rd period - Adam Henrique is hit by Gustav Nyquist and loses puck.
13:54 of 3rd period - Tyler Cuma is hit by Nikolaj Ehlers and loses puck.
14:49 of 3rd period - Adam Henrique is hit by Conor Sheary and loses puck.
15:24 of 3rd period - Icing by Brendan Gaunce.
15:25 of 3rd period - Nathan MacKinnon wins face-off versus Oscar Sundqvist in Sharks zone.
15:28 of 3rd period - Snap shot by Filip Forsberg.
15:28 of 3rd period - Stopped by Philipp Grubauer with a rebound.
15:49 of 3rd period - Wrist shot by Wayne Simmonds.
15:49 of 3rd period - Shot Misses the Net.
16:05 of 3rd period - Snap shot by Drew Miller.
16:05 of 3rd period - Shot Misses the Net.
16:11 of 3rd period - Wrist shot by Luke Glendening.
16:11 of 3rd period - Stopped by Philipp Grubauer with a rebound.
16:31 of 3rd period - Snap shot by Oscar Sundqvist.
16:31 of 3rd period - Shot Blocked by Josh Morrissey.
16:45 of 3rd period - Wrist shot by Nathan MacKinnon.
16:45 of 3rd period - Stopped by Philipp Grubauer with a rebound.
16:47 of 3rd period - Snap shot by Nikolaj Ehlers.
16:47 of 3rd period - Shot Misses the Net.
17:05 of 3rd period - Slapshot by Drew Doughty.
17:05 of 3rd period - Deflect By Steven Stamkos.
17:05 of 3rd period - Stopped by Maxime Daigneault with a rebound.
17:07 of 3rd period - Wrist shot by Boone Jenner.
17:07 of 3rd period - Deflect By Adam Henrique.
17:07 of 3rd period - Shot Misses the Net.
17:07 of 3rd period - Puck is out of play.
17:08 of 3rd period - Adam Henrique wins face-off versus Wayne Simmonds in Blues zone.
17:08 of 3rd period - Adam Henrique is hit by Steven Stamkos.
18:15 of 3rd period - Wrist shot by Marko Dano.
18:15 of 3rd period - Stopped by Philipp Grubauer without a rebound.
18:16 of 3rd period - Adam Henrique wins face-off versus Steven Stamkos in Sharks zone.
18:19 of 3rd period - Wrist shot by Adam Henrique.
18:19 of 3rd period - Shot Misses the Net.
18:21 of 3rd period - Slapshot by Cody Ceci.
18:21 of 3rd period - Stopped by Philipp Grubauer without a rebound.
18:22 of 3rd period - Nathan MacKinnon wins face-off versus Boone Jenner in Sharks zone.
18:23 of 3rd period - Wrist shot by Filip Forsberg.
18:23 of 3rd period - Deflect By Nikolaj Ehlers.
18:23 of 3rd period - Stopped by Philipp Grubauer without a rebound.
18:24 of 3rd period - Boone Jenner wins face-off versus Nathan MacKinnon in Sharks zone.
18:29 of 3rd period - Filip Forsberg is hit by Mike Lundin and loses puck.
19:00 of 3rd period - Blues, Maxime Daigneault is pulled from the net.
19:26 of 3rd period - Slapshot by Zach Parise.
19:26 of 3rd period - Goal by Zach Parise - Blues : 3 - Sharks : 5.
19:26 of 3rd period - Maxime Daigneault from Blues was sent back in the game.
19:27 of 3rd period - Boone Jenner wins face-off versus Devin Shore in neutral zone.
19:29 of 3rd period - Tyler Cuma is hit by Josh Morrissey and loses puck.
19:39 of 3rd period - Minor Penalty to Josh Morrissey for Interference.
19:40 of 3rd period - Drew Shore wins face-off versus Boone Jenner in Blues zone.
Goals for this period are 1 for Blues vs 2 for Sharks.
Shots for this period are 11 for Blues vs 8 for Sharks.